 Dungeon Crawl Stone Soup version 0.29-a0-275-g389c0b56f3 (webtiles) character file.

Game seed: 2042576254076329086

279 Morbidden the Conjurer (level 6, -3/55 HPs)
             Began as a Troll Conjurer on Mar 10, 2022.
             Slain by a scorpion (4 damage)
             ... on level 3 of the Dungeon.
             The game lasted 00:04:18 (3009 turns).

Morbidden the Conjurer (Troll Conjurer)             Turns: 3009, Time: 00:04:19

Health: -3/55      AC:  4    Str: 16    XL:     6   Next: 5%
Magic:  0/7        EV: 10    Int: 16    God:
Gold:   80         SH:  0    Dex: 10    Spells: 1/8 levels left

rFire   . . .      SeeInvis .     - Unarmed
rCold   + . .      Faith    .   (no shield)
rNeg    . . .      Spirit   +   a - +0 robe
rPois   .          Reflect  .   (helmet restricted)
rElec   .          Harm     .   (no cloak)
rCorr   .          Rampage  .   (gloves unavailable)
Will    .....      Clarity  +   (boots unavailable)
Stlth   +.........              c - amulet of guardian spirit
HPRegen 0.98/turn               m - ring of protection from cold
MPRegen 0.10/turn               (no ring)

@: lethally poisoned (-3 -> -5), attractive, flying
A: large, unfitting armour, claws 3, regeneration 1, shaggy fur 1, tough skin 1,
agile 1, clarity, sturdy frame 1
a: no special abilities


You were on level 3 of the Dungeon.
You visited 1 branch of the dungeon, and saw 4 of its levels.

You collected 80 gold pieces.

Inventory:

Missiles
 h - 3 large rocks
 k - 8 poisoned darts (quivered)
Armour
 a - a +0 robe (worn)
Jewellery
 c - an amulet of guardian spirit (around neck)
 m - a ring of protection from cold (left claw)
Scrolls
 d - a scroll of enchant weapon {unknown}
 f - 3 scrolls of identify {unknown}
 j - a scroll of magic mapping {unknown}
 l - 2 scrolls of amnesia {unknown}
 n - a scroll of immolation {unknown}
Potions
 b - 4 potions of magic
 e - a potion of mutation
 o - a potion of berserk rage {unknown}


   Skills:
 * Level 1.1 Fighting
 + Level 0.4 Throwing
 + Level 2.1 Dodging
 + Level 1.1 Stealth
 * Level 2.9 Unarmed Combat
 * Level 1.9 Spellcasting
 * Level 4.0 Conjurations


You had one spell level left.
You knew the following spells:

 Your Spells              Type           Power      Damage    Failure   Level
a - Magic Dart            Conj           56%        1d5       4%          1
b - Searing Ray           Conj           28%        2d5       6%          2
c - Iskenderun's Mystic   Conj/Tloc      7%         2d4       67%         4

Your spell library contained the following spells:

 Spells                   Type           Power      Damage    Failure   Level
 Animate Skeleton         Necr           2%         N/A       22%         1
 Pain                     Necr           4%         1d4       22%         1
 Dazzling Flash           Conj/Hex       14%        N/A       28%         3
 Gell's Gravitas          Tloc           1%         N/A       54%         3
 Teleport Other           Tloc           1%         N/A       54%         3
 Vampiric Draining        Necr           1%         2d6       54%         3
 Fulminant Prism          Conj/Hex       3%         3d6       67%         4
 Hailstorm                Conj/Ice       7%         3d4       67%         4
 Ice Form                 Ice/Tmut       1%         N/A       91%         4
 Dispersal                Tloc           0%         N/A       100%        6
 Simulacrum               Ice/Necr       0%         N/A       100%        6


Dungeon Overview and Level Annotations

Branches:
Dungeon (4/15)
 Temple: D:4-7

Altars:
Hepliaklqana
Wu Jian
Zin


Innate Abilities, Weirdness & Mutations

You are too large for most types of armour.
You have claws for hands.
Your natural rate of healing is unusually fast.
You are covered in fur. (AC +1)
You have tough skin. (AC +1)
You are agile. (Dex +2)
You possess an exceptional clarity of mind.
Your movements are slightly less encumbered by armour. (ER -2)


Message History

You closely miss the scorpion.
The scorpion is moderately wounded.
You feel sick. The scorpion stings you.
You are more poisoned.
The scorpion poisons you! The scorpion stings you.
You are more poisoned.
The scorpion poisons you!
Casting: Magic Dart (safe; 4% risk of failure)
Confirm with . or Enter, or press ? or * to list all spells.
Aiming: Searing Ray (safe; 6% risk of failure)
Press: ? - help, Shift-Dir - straight line, f - scorpion
Aim: a scorpion (moderately wounded, 76% to hit)
The searing ray misses the scorpion. (Press . to maintain the ray.)
You feel very sick. The scorpion stings you!
* * * LOW HITPOINT WARNING * * *
The searing ray hits the scorpion.
The scorpion is heavily wounded.
You feel very sick. The scorpion misses you.
Unknown command.
Without enough magic to sustain it, your searing ray dissipates.
You feel very sick. The scorpion stings you!
* * * LOW HITPOINT WARNING * * *
Unknown command.
Unknown command.
It was a potion of attraction.
You feel attractive to monsters.
* * * LOW HITPOINT WARNING * * *
You feel sick.
The scorpion stings you but does no damage.
Unknown command.
It was a potion of flight.
You feel very buoyant.
You fly up into the air.
* * * LOW HITPOINT WARNING * * *
You feel sick. The scorpion stings you.
You die...

#.# ####.#..#...####........
#.###....)..#...# #........ ####
#...'...........# #........
...###..##.......########........
.........#....#..................
#........#....#...#######.#######
#####....#....#...#....(.########
....'....#....#..s.......'.......
#####...##....#.@........#######.
#.............#.###......# #.
........##..##### #......# #.
........##..#.### #......# #.
.......###.##_.⌠###......##### #.
#####....'.#8...'.#####......###(
#.####.##_.⌠#..# #.......... #.#
#..#.####.####.......... #.#
#..####.#..............#


You could see a scorpion.

Vanquished Creatures
  Sigmund (D:2)
  An adder (D:3)
  A gnoll (D:1)
  A white imp (D:3)
  6 worms
  A dart slug (D:1)
  7 orcs (D:3)
  5 endoplasms
  2 giant cockroaches (D:1)
  5 goblins
  5 hobgoblins
  6 jackals
  6 kobolds
  3 quokkas
  8 ball pythons
  9 bats
  2 frilled lizards
  4 rats
73 creatures vanquished.

Notes
Turn   | Place    | Note
-------+----------+-------------------------------------------
     0 | D:1      | Morbidden the Troll Conjurer began the quest for the Orb.
     0 | D:1      | Reached XP level 1. HP: 16/16 MP: 1/1
    10 | D:1      | Reached skill level 3 in Conjurations
    93 | D:1      | Reached XP level 2. HP: 3/24 MP: 0/2
   220 | D:1      | Reached XP level 3. HP: 25/31 MP: 2/4
   756 | D:2      | Noticed Sigmund
  1070 | D:2      | Gained mutation: Your movements are slightly less
                  | encumbered by armour. (ER -2) [potion of mutation]
  1070 | D:2      | Gained mutation: You possess an exceptional clarity of
                  | mind. [potion of mutation]
  1070 | D:2      | Gained mutation: You are agile. (Dex +2) [potion of
                  | mutation]
  1116 | D:2      | Killed Sigmund
  1117 | D:2      | Reached XP level 4. HP: 21/40 MP: 1/5
  1117 | D:2      | Reached XP level 5. HP: 24/46 MP: 1/6
  1383 | D:2      | Learned a level 2 spell: Searing Ray
  2114 | D:3      | Reached skill level 1 in Fighting
  2193 | D:3      | Reached skill level 4 in Conjurations
  2198 | D:3      | Found a hazy altar of Hepliaklqana.
  2416 | D:3      | Learned a level 4 spell: Iskenderun's Mystic Blast
  2494 | D:3      | Reached XP level 6. HP: 47/55 MP: 0/7
  2726 | D:3      | Found a glowing silver altar of Zin.
  2726 | D:3      | Found an ornate altar of the Wu Jian Council.
  3008 | D:3      | HP: 2/55 [poisoned by a scorpion]
  3009 | D:3      | Slain by a scorpion

Illustrated notes

Levels and vault maps discovered:
D:1:      lightli_molten_gateway, layout_basic
D:2:      layout_loops_corners, uniq_sigmund
D:3:      layout_basic, mainiacjoe_overflow_surrounded_room,
          gammafunk_temple_overflow_statue
D:4:      layout_layer_cave, minmay_temple_entry_mini_moons,
          lightli_sewer_entry_pipes

Skill      XL: |  1  2  3  4  5 |
---------------+----------------+-----
Conjurations   | 3 4 |  4.0
Unarmed Combat | 2 |  2.9
Dodging        | 2 |  2.1
Fighting       | 1 |  1.1
Throwing       | |  0.4
Stealth        | |  1.1
Spellcasting   | |  1.9

Action                   |  1- 3 |  4- 6 || total
-------------------------+-------+-------++-------
Melee: Unarmed           |    63 |    86 ||   149
       Punch             |     1 |     2 ||     3
Throw: Large rock        |     8 |       ||     8
       Dart              |       |     3 ||     3
 Cast: Magic Dart        |    16 |    51 ||    67
       Searing Ray       |       |     3 ||     3
  Use: Potion            |     1 |     2 ||     3
Armor: Robe              |    18 |    27 ||    45
Dodge: Dodged            |    38 |    44 ||    82

Table legend: (Time is in decaauts)
 A = Elapsed time spent in this place.
 B = Non-inter-level travel time spent in this place.
 C = Inter-level travel time spent in this place.
 D = Time resting spent in this place.
 E = Time spent auto-exploring this place.
 F = Levels seen in this place.
 G = Mean time per level.
                   A        B        C        D        E       F      G
               +--------+--------+--------+--------+--------+-----+--------+
         Total |   3015 |   2887 |    128 |     29 |   2287 |   4 |  753.8 |
       Dungeon |   3015 |   2887 |    128 |     29 |   2287 |   4 |  753.8 |
               +--------+--------+--------+--------+--------+-----+--------+

Top non-repeatable levels by time:
     D:2: 1229 daAuts
     D:3: 1051 daAuts
     D:1: 731 daAuts
     D:4: 3 daAuts
